 Dungeon Crawl Stone Soup version 0.17-a0-701-gb6462b4 (webtiles) character file.

123 FedoraBrony69 the Conjurer (level 4, -2/27 HPs)
             Began as a High Elf Conjurer on Apr 19, 2015.
             Killed from afar by DDCT's ghost (12 damage)
             ... with an orb of energy
             ... on level 3 of the Dungeon.
             The game lasted 00:05:16 (1734 turns).

FedoraBrony69 the Conjurer (High Elf Conjurer)      Turns: 1734, Time: 00:05:16

Health: -2/27      AC:  2    Str:  7    XL:     4   Next: 79%
Magic:  8/11       EV: 12    Int: 20    God:
Gold:   94         SH:  0    Dex: 15    Spells: 1 memorised, 10 levels left

rFire  . . .     SeeInvis .     f - +0 spear
rCold  . . .     Clarity  .     a - +0 robe
rNeg   . . .     SustAb   .     (no shield)
rPois  .         Gourm    .     (no helmet)
rElec  .         Spirit   .     (no cloak)
rCorr  .         Warding  .     (no gloves)
rMut   .         Stasis   .     (no boots)
MR     .....                    (no amulet)
Stlth  ++........               (no ring)
                                (no ring)

@: not resistant to hostile enchantments, unstealthy
A: no striking features
a: no special abilities


You were on level 3 of the Dungeon.
You were not hungry.

You visited 1 branch of the dungeon, and saw 3 of its levels.

You collected 94 gold pieces.

Inventory:

Hand weapons
 f - a +0 spear (weapon)
Armour
 a - a +0 robe (worn)
 i - a +0 buckler
Jewellery
 k - an uncursed ring of wizardry {unknown}
Magical devices
 n - a wand of slowing (24)
Scrolls
 d - 2 scrolls of identify {unknown}
 e - a scroll of remove curse {unknown}
 h - 2 scrolls of random uselessness {unknown}
 l - 2 scrolls of blinking {unknown}
 o - 3 scrolls of magic mapping {unknown}
Potions
 j - a potion of heal wounds {unknown}
 m - a potion of poison {unknown}
 q - a potion of curing {unknown}
Books
 c - a book of Conjurations

   Spells                             Type                      Level
   a - Magic Dart                     Conjuration                  1
   b - Searing Ray                    Conjuration                  2
   c - Dazzling Spray                 Conjuration/Hexes            3
   d - Fulminant Prism                Conjuration/Hexes            4
   e - Iskenderun's Mystic Blast      Conjuration                  4
   f - Iskenderun's Battlesphere      Conjuration/Charms           5
Comestibles
 b - 2 bread rations
 g - a slice of pizza
 p - a chunk of flesh


   Skills:
 - Level 2.1 Dodging
 - Level 2.1 Stealth
 + Level 4.3 Spellcasting
 + Level 5.7 Conjurations


You had 10 spell levels left.
You knew the following spells:

 Your Spells              Type           Power        Failure   Level  Hunger
a - Magic Dart            Conj           ####         1%          1    None


Dungeon Overview and Level Annotations

Branches:
Dungeon (3/15)

Altars:
Ashenzari
Elyvilon
Nemelex Xobeh

Annotations:
D:3 DDCT's ghost, average DECj


Message History

You kill Jessica!
Casting: Magic Dart
Confirm with . or Enter, or press ? or * to list all spells.
You can't see any susceptible monsters within range! (Use Z to cast anyway.)
Casting: Magic Dart
Confirm with . or Enter, or press ? or * to list all spells.
You can't see any susceptible monsters within range! (Use Z to cast anyway.)
Found 13 poisoned bolts.
DDCT's ghost turns its malevolent gaze towards you.
DDCT's ghost hits you.
Found 8 gold pieces.
Things that are here:
a club; a robe DDCT's ghost hits you.
DDCT's ghost hits you.
DDCT's ghost gestures at you while chanting.
The magic dart hits you!
DDCT's ghost points at you and mumbles some strange words.
The orb of energy hits you!
You die...

##.#....####...# ##..
#............#### ..#......
##..#...#........## .........
.#..#.............# #.........
..................####$.(.......
......................#.........
...............................#
#.............[..## #...........#
......(..###....@.#####.).......#
.........####..##.#.............#
....#.##.....<..#..W###.........
..###..##.......................
.## ##.#...........#####.......#
.####.................###.....#
.......#............#.########
.#####............#.....#### .#
##...........#........#


You could see DDCT's ghost.

Vanquished Creatures
  Jessica (D:3)
  3 adders
  An ooze (D:1)
  A worm (D:2)
  5 giant geckos
  A ball python (D:1)
  4 giant cockroaches
  7 hobgoblins
  5 kobolds
  10 bats
  2 giant newts (D:1)
  12 goblins
  7 rats
59 creatures vanquished.

Notes
Turn   | Place    | Note
--------------------------------------------------------------
     0 | D:1      | FedoraBrony69, the High Elf Conjurer, began the quest for the Orb.
     0 | D:1      | Reached XP level 1. HP: 11/11 MP: 4/4
   168 | D:1      | Reached XP level 2. HP: 15/17 MP: 1/6
   515 | D:1      | Reached XP level 3. HP: 21/21 MP: 6/8
   571 | D:2      | Found a white marble altar of Elyvilon.
   585 | D:2      | Reached skill level 5 in Conjurations
  1105 | D:2      | Found a shattered altar of Ashenzari.
  1131 | D:2      | Found a sparkling altar of Nemelex Xobeh.
  1452 | D:2      | Reached XP level 4. HP: 27/27 MP: 7/10
  1719 | D:3      | Noticed Jessica
  1722 | D:3      | Noticed DDCT's ghost (average DECj)
  1723 | D:3      | Killed Jessica
  1734 | D:3      | Killed from afar by DDCT's ghost

Action                   |  1- 3 |  4- 6 || total
-------------------------+-------+-------++-------
Melee: Spear             |    13 |       ||    13
 Cast: Magic Dart        |    82 |    24 ||   106
  Eat: Chunk             |     1 |     1 ||     2
